 Dungeon Crawl Stone Soup version 0.20-a0-947-g2784f4f (webtiles) character file.

73 KristoblXynda the Grasshopper (level 4, 0/39 HPs)
             Began as a Naga Warper on Apr 3, 2017.
             Slain by a gnoll
             ... wielding a +0 spear
              (4 damage)
             ... on level 2 of the Dungeon.
             The game lasted 00:03:50 (1868 turns).

KristoblXynda the Grasshopper (Naga Warper)         Turns: 1868, Time: 00:03:51

Health: 0/39       AC:  6    Str: 13    XL:     4   Next: 27%
Magic:  7/7        EV:  9    Int: 15    God:
Gold:   62         SH:  0    Dex: 10    Spells: 7/7 levels left

rFire    + . .     SeeInvis +   a - +0 spear
rCold    . . .     Gourm    .   (no shield)
rNeg     . . .     Faith    .   b - +0 leather armour
rPois    +         Spirit   .   (no helmet)
rElec    .         Reflect  .   g - +2 cloak
rCorr    .         Harm     .   (no gloves)
MR       .....                  (no barding)
Stlth    ++........             (no amulet)
Regen    0.2/turn               j - ring of protection from fire
MPRegen  0.1/turn               r - +1 ring of slaying

@: short of breath, very slightly contaminated, very slow
A: see invisible, deformed body, poison resistance, slowness 2, slow metabolism
1, spit poison 1, AC +1
a: Spit Poison


You were on level 2 of the Dungeon.
You were very hungry.

You visited 1 branch of the dungeon, and saw 2 of its levels.

You collected 62 gold pieces.

Inventory:

Hand Weapons
 a - a +0 spear (weapon)
Missiles
 e - 3 tomahawks of dispersal (quivered)
 p - 2 javelins
Armour
 b - a +0 leather armour (worn)
 g - a +2 cloak (worn)
Jewellery
 j - a ring of protection from fire (left hand)
 r - a +1 ring of slaying (right hand)
Books
 c - a book of Spatial Translocations

   Spells                             Type                      Level
   a - Blink                          Translocation                2
   b - Shroud of Golubria             Charms/Translocation         2
   c - Lesser Beckoning               Translocation                3
   d - Gell's Gravitas                Translocation                3
   e - Teleport Other                 Translocation                3
   f - Passage of Golubria            Translocation                4
Comestibles
 f - 3 bread rations
 k - 2 meat rations
 l - 2 royal jellies


   Skills:
 - Level 2.0 Fighting
 + Level 2.4 Polearms
 - Level 1.1 Throwing
 + Level 2.0 Armour
 - Level 2.1 Dodging
 + Level 2.4 Stealth
 - Level 2.0 Spellcasting
   Level 3.0 Translocations


You had 7 spell levels left.
You didn't know any spells.

Dungeon Overview and Level Annotations

Branches:
Dungeon (2/15)

Altars:
Elyvilon


Innate Abilities, Weirdness & Mutations

You cannot wear boots.
Your serpentine skin is tough. (AC +1)
You have supernaturally acute eyesight. (SInv)
Armour fits poorly on your strangely shaped body.
Your system is resistant to poisons. (rPois)
You cover ground very slowly.
You have a slow metabolism.
You can spit poison.


Message History

Put on which piece of jewellery? (? for menu, Esc to quit)
r - a +1 ring of slaying (right hand)
The bat barely misses you.
You puncture the bat!
You kill the bat!
The gnoll barely misses you.
You see here a bat corpse.
Press: ? - help, Shift-Dir - straight line, f - gnoll
Aim: a gnoll, wielding a spear (moderately wounded)
The splash of poison hits the gnoll.
The gnoll is poisoned.
The gnoll is heavily wounded.
You feel slightly more hungry. The gnoll hits you but does no damage.
You barely miss the gnoll.
The gnoll is heavily wounded.
The gnoll hits you with a spear.
* * * LOW HITPOINT WARNING * * *
The gnoll barely misses you.
Unknown command.
The gnoll hits you from afar with a spear.
You die...

#..............#≈..♣..≈##§#
#.......####.#.#≈≈...≈≈##.#
#.#..#.......#.###...####.#
#.#..#.#####.#.#.....##.#.#
#.#..#.#####.........g.....
#.#........#.#.#.....##.#.#
#.#...####.#g#.##+#+###.#.#
#.#.÷..).....#..... ..#.#
#.##.#####@######.# ####.#
#.##.# #.# #.# .s#
#.##.#####.# #.#########
#####.#........######.÷.......
#.....#.......................
##.####............###########
#.# ###.....####.######## #.#
#.....+............ #.#
#.....####.########


You could see a gnoll.

Vanquished Creatures
  A gnoll (D:2)
  2 adders (D:2)
  3 worms (D:2)
  2 dart slugs (D:1)
  2 leopard geckos (D:2)
  3 bats
  A giant cockroach (D:2)
  7 hobgoblins
  4 kobolds
  2 frilled lizards (D:1)
  2 goblins (D:2)
  4 rats
33 creatures vanquished.

Vanquished Creatures (others)
  A giant cockroach (D:2)
  A kobold (D:2)
2 creatures vanquished.

Grand Total: 35 creatures vanquished

Notes
Turn   | Place    | Note
-------+----------+-------------------------------------------
     0 | D:1      | KristoblXynda the Naga Warper began the quest for the Orb.
     0 | D:1      | Reached XP level 1. HP: 19/19 MP: 3/3
    38 | D:1      | Reached skill level 1 in Armour
    48 | D:1      | Reached skill level 1 in Throwing
   323 | D:1      | Reached XP level 2. HP: 22/26 MP: 5/5
   815 | D:2      | Reached XP level 3. HP: 18/32 MP: 6/6
  1064 | D:2      | Reached skill level 1 in Stealth
  1378 | D:2      | Reached XP level 4. HP: 32/39 MP: 7/7
  1812 | D:2      | Found a white marble altar of Elyvilon.
  1868 | D:2      | Slain by a gnoll

Vault maps used:
D:1:      grunt_arrival_crossed_arrows
D:2:      lemuel_coloured_pillars_altar, elyvilon_altar_4

Skill      XL: |  1  2  3  4 |
---------------+-------------+-----
Armour         | 1 2 |  2.0
Throwing       | 1 |  1.1
Dodging        | 2 |  2.1
Stealth        | 2 |  2.4
Fighting       | |  2.0
Polearms       | |  2.4
Spellcasting   | |  2.0
Translocations | |  3.0

Action                   |  1- 3 |  4- 6 || total
-------------------------+-------+-------++-------
Melee: Spear             |   100 |    23 ||   123
Throw: Tomahawk          |     2 |       ||     2
 Abil: Spit Poison       |    11 |     9 ||    20
  Use: Scroll            |       |     5 ||     5
       Potion            |       |     1 ||     1
 Stab: Sleeping          |     1 |       ||     1
  Eat: Chunk             |     1 |     1 ||     2
Armor: Leather armour    |    35 |    10 ||    45
Dodge: Dodged            |    43 |    23 ||    66
